 Dungeon Crawl Stone Soup version 0.28.0 (webtiles) character file.

Game seed: 2764829166373068719

26 zeram the Sneak (level 3, -13/24 HPs)
             Began as a Gargoyle Delver on Feb 9, 2022.
             Killed themself with a badly aimed iceblast (15 damage)
             ... on level 6 of the Dungeon.
             The game lasted 00:01:28 (364 turns).

zeram the Sneak (Gargoyle Delver)                    Turns: 364, Time: 00:01:30

Health: -13/24     AC:  6    Str: 15    XL:     3   Next: 8%
Magic:  3/3        EV: 11    Int: 12    God:
Gold:   16         SH:  0    Dex: 11    Spells: 2/2 levels left

rFire   . . .      SeeInvis .   a - +0 mace
rCold   . . .      Faith    .   (no shield)
rNeg    + . .      Spirit   .   b - +0 leather armour
rPois   ∞          Reflect  .   (no helmet)
rElec   +          Harm     .   (no cloak)
rCorr   .          Rampage  .   (no gloves)
Will    .....                   (no boots)
Stlth   +++.......              (no amulet)
HPRegen 0.08/turn               (no ring)
MPRegen 0.08/turn               (no ring)

@: no status effects
A: sickness immunity, AC +3, negative energy resistance 1, electricity
resistance, torment resistance 1, petrification resistance
a: no special abilities


You were on level 6 of the Dungeon.
You visited 1 branch of the dungeon, and saw 2 of its levels.

You collected 16 gold pieces.

Inventory:

Hand Weapons
 a - a +0 mace (weapon)
Armour
 b - a +0 leather armour (worn)
Wands
 g - a wand of digging (3)
 h - a wand of iceblast (10)
Scrolls
 c - a scroll of fog
 d - a scroll of magic mapping
 i - a scroll of holy word {unknown}


   Skills:
 + Level 3.9 Fighting
 + Level 2.5 Maces & Flails
 + Level 0.3 Armour
 + Level 1.8 Dodging
 - Level 5.4 Stealth


You had 2 spell levels left.
You didn't know any spells.
Your spell library was empty.

Dungeon Overview and Level Annotations

Branches:
Dungeon (6/15)             Temple (0/1) D:6

Altars:


Innate Abilities, Weirdness & Mutations

You are immune to sickness and miasma.
Your stone body is resilient. (AC +3)
You are immune to poison.
You resist negative energy. (rN+)
You are resistant to electric shocks. (rElec)
You are resistant to unholy torment.
You are immune to petrification.


Message History

The orc wizard hits you but does no damage.
The orc misses you.
You closely miss the orc wizard.
The orc wizard is heavily wounded.
The orc wizard hits you with a +0 dagger.
* * * LOW HITPOINT WARNING * * *
The orc barely misses you.
Unknown command.
The orc wizard gestures at you while chanting.
The magic dart hits you.
* * * LOW HITPOINT WARNING * * *
Items here: )) [ ÷÷.
The orc wizard points at you and mumbles some strange words.
You are confused.
The orc wizard casts a spell.
The orc wizard flickers and vanishes!
Deactivating autopickup; reactivate with Ctrl-A.
You bump into the rock wall.
You bump into the rock wall.
You bump into the rock wall.
Something hits you but does no damage.
You bump into the rock wall.
You feel less confused. Something hits you but does no damage.
The orc suddenly cheers.
There is a stone staircase leading down here.
Something hits you but does no damage.
You climb downwards.
Reactivating autopickup.
Found a staircase to the Ecumenical Temple.
There is a stone staircase leading up here.
Found a diamond ring.
Something hits you but does no damage.
Deactivating autopickup; reactivate with Ctrl-A.
You aren't carrying any potions.
Aiming: Iceblast
Press: ? - help, Shift-Dir - straight line The mass of ice explodes!
The iceblast engulfs something!
Reactivating autopickup.
You feel a bit more experienced. The iceblast engulfs you!
Ouch! That really hurt!
You die...

.# #. #.#####
.....## #.....#
#.....####.
###.##.)........
.......@<.#
.#.#...####
#.#.#.. .#.#.#=
#.>.#.. .#.#.#.
#.#.#.. .#.#...


There were no monsters in sight!

Vanquished Creatures
  2 orc wizards
  An orc (D:5)
3 creatures vanquished.

Notes
Turn   | Place    | Note
-------+----------+-------------------------------------------
     0 | D:5      | zeram the Gargoyle Delver began the quest for the Orb.
     0 | D:5      | Reached XP level 1. HP: 14/14 MP: 1/1
    41 | D:5      | Noticed an orc wizard
    42 | D:5      | Noticed an orc priest
    52 | D:5      | Killed an orc wizard
    53 | D:5      | Reached XP level 2. HP: 17/20 MP: 2/2
    53 | D:5      | Reached XP level 3. HP: 20/24 MP: 3/3
   342 | D:5      | HP: 1/24 [orc wizard/magic dart (5)]
   362 | D:6      | Found a staircase to the Ecumenical Temple.
   364 | D:6      | Killed themself with a badly aimed iceblast

Illustrated notes

Levels and vault maps discovered:
D:5:      layout_loops_corners, serial_shops, shop_coins, minmay_holes
D:6:      layout_loops_corners, nicolae_overflow_hidden_temple,
          minmay_temple_entry_grid, mrwooster_statue_mirror, fountainhead

Action                   || total
-------------------------++-------
Melee: Mace              ||    23
  Use: Scroll            ||     1
       Potion            ||     1
Armor: Leather armour    ||    16
Dodge: Dodged            ||     8
